 Dungeon Sprint DCSS version 0.23-a0-208-gb6b040f (webtiles) character file.

368 Felrender the Cleaver (level 6, -11/57 HPs)
             Began as a Demonspawn Berserker on Sept 24, 2018.
             Was a High Priest of Trog.
             Mangled by an ogre
             ... wielding a +0 giant club
              (12 damage)
             ... in the Dungeon (Sprint IX: "|||||||||||||||||||||||||||||").
             The game lasted 00:01:34 (433 turns).

Felrender the Cleaver (Demonspawn Berserker)         Turns: 433, Time: 00:01:35

Health: -11/57     AC:  9    Str: 30    XL:     6   Next: 41%
Magic:  6/6        EV: 13    Int:  8    God:    Trog [*****.]
Gold:   0          SH:  0    Dex: 13    Spells: 5/5 levels left

rFire    . . .     SeeInvis .   n - +3 war axe (chop)
rCold    . . .     Gourm    .   (no shield)
rNeg     . . .     Faith    .   p - +1 scale mail
rPois    .         Spirit   .   (helmet restricted)
rElec    .         Reflect  .   (no cloak)
rCorr    .         Harm     .   o - +0 pair of gloves
MR       .....     NoTele   +   (no boots)
Stlth    ..........             (no amulet)
HPRegen  0.19/turn              q - +3 ring of strength
MPRegen  0.10/turn              r - +3 ring of strength

@: mighty, berserk cooldown, slowed, very slow
A: antennae 1, demonic guardian 1, powered by pain 1
a: Berserk, Trog's Hand, Brothers in Arms, Renounce Religion


You were in the Dungeon.
You worshipped Trog.
Trog was extremely pleased with you.
You were not hungry.

You visited 1 branch

Inventory:

Hand Weapons
 a - a +0 hand axe
 n - a +3 war axe of chopping (weapon)
Armour
 b - a +0 animal skin
 o - a +0 pair of gloves (worn)
 p - a +1 scale mail (worn)
Jewellery
 q - a +3 ring of strength (left hand)
 r - a +3 ring of strength (right hand)
Wands
 m - a wand of acid (10)
Scrolls
 i - 2 scrolls of blinking
 l - 3 scrolls of remove curse
Potions
 d - 5 potions of curing
 e - 3 potions of heal wounds
 f - a potion of haste
 g - 4 potions of magic
 h - a potion of berserk rage
 k - a potion of invisibility
Comestibles
 c - a ration
 j - 8 chunks of flesh


   Skills:
 + Level 8.5 Fighting
 + Level 8.9 Axes
 + Level 3.9 Armour
 + Level 4.9 Dodging
 + Level 0.8 Stealth


You had 5 spell levels left.
You didn't know any spells.
Your spell library was empty.

Dungeon Overview and Level Annotations

Branches:
Dungeon (1/1)

Altars:
Cheibriados
Dithmenos
Elyvilon
Fedhas
Gozag
Hepliaklqana
Kikubaaqudgha
Makhleb
Nemelex Xobeh
Okawaru
Qazlal
Ru
Sif Muna
Trog
Uskayaw
Vehumet
Wu Jian
Xom
Yredelemnul
Zin
The Shining One
Beogh
Jiyva
Lugonu


Innate Abilities, Weirdness & Mutations

You have a pair of small antennae on your head.
A weak demonic guardian rushes to your aid.
You sometimes gain a little power by taking damage.


Message History

The bat zombie hits you but does no damage.
You slash the bat zombie!
You destroy the bat zombie!
Trog accepts your kill.
Trog will gift you weapons as you gain piety.
The ogre closely misses your shadow imp.
You swap places.
You are no longer berserk.
You are exhausted.
You feel yourself slow down.
You slash the ogre!
The ogre is moderately wounded.
The ogre hits you with a giant club!!
* * * LOW HITPOINT WARNING * * *
You focus on the pain.
You feel very mighty all of a sudden.
You slash the ogre!
The ogre is almost dead.
The ogre hits you with a giant club!
You die...

▓.▓
▓[▓
▓.▓
▓.▓
▓.▓
▓'▓
▓5▓
▓5▓
▓@▓
▓O▓
▓.▓
▓.▓
▓+▓


You could see an ogre, a friendly white imp and a friendly shadow imp.

Vanquished Creatures
  A yak (D)
  An ice beast (D)
  A crimson imp (D)
  A gnoll shaman (D)
  2 hounds (D)
  A worker ant (D)
  A dart slug (D)
  2 leopard geckos (D)
  A bat skeleton (D)
  A bat zombie (D)
  A goblin (D)
  A frilled lizard (D)
  A rat (D)
15 creatures vanquished.

Notes
Turn   | Place    | Note
-------+----------+-------------------------------------------
     0 | D        | Felrender the Demonspawn Berserker began the quest for the
                  | Orb.
     0 | D        | Reached XP level 1. HP: 18/18 MP: 1/1
    10 | D        | Reached ** piety under Trog
   228 | D        | Noticed a worker ant
   228 | D        | Noticed a hound
   228 | D        | Noticed a gnoll shaman
   228 | D        | Noticed a hound
   228 | D        | Noticed a crimson imp
   234 | D        | Killed a worker ant
   234 | D        | Gained mutation: You have a pair of small antennae on your
                  | head. [demonic ancestry]
   234 | D        | Reached XP level 2. HP: 26/26 MP: 2/2
   234 | D        | Reached XP level 3. HP: 31/31 MP: 3/3
   240 | D        | Reached *** piety under Trog
   240 | D        | Reached skill level 5 in Fighting
   240 | D        | Reached skill level 5 in Axes
   245 | D        | Gained mutation: A weak demonic guardian rushes to your
                  | aid. [demonic ancestry]
   245 | D        | Reached XP level 4. HP: 40/40 MP: 4/4
   253 | D        | Reached XP level 5. HP: 32/47 MP: 5/5
   275 | D        | Found a roughly hewn altar of Beogh.
   275 | D        | Found a snail-covered altar of Cheibriados.
   275 | D        | Found a shadowy altar of Dithmenos.
   275 | D        | Found a white marble altar of Elyvilon.
   275 | D        | Found a blossoming altar of Fedhas.
   275 | D        | Found an opulent altar of Gozag.
   341 | D        | Found a hazy altar of Hepliaklqana.
   342 | D        | Found a viscous altar of Jiyva.
   343 | D        | Found an ancient bone altar of Kikubaaqudgha.
   344 | D        | Found a corrupted altar of Lugonu.
   345 | D        | Found a burning altar of Makhleb.
   346 | D        | Found a sparkling altar of Nemelex Xobeh.
   347 | D        | Found an iron altar of Okawaru.
   348 | D        | Found a stormy altar of Qazlal.
   349 | D        | Found a sacrificial altar of Ru.
   350 | D        | Found a deep blue altar of Sif Muna.
   351 | D        | Found a bloodstained altar of Trog.
   352 | D        | Found a hide-covered altar of Uskayaw.
   353 | D        | Found a radiant altar of Vehumet.
   354 | D        | Found an ornate altar of the Wu Jian Council.
   355 | D        | Found a shimmering altar of Xom.
   356 | D        | Found a basalt altar of Yredelemnul.
   357 | D        | Found a glowing silver altar of Zin.
   358 | D        | Found a glowing golden altar of the Shining One.
   407 | D        | Noticed an ice beast
   407 | D        | Noticed a yak
   407 | D        | Noticed an ogre
   410 | D        | Reached **** piety under Trog
   423 | D        | Killed an ice beast
   428 | D        | Killed a yak
   428 | D        | Gained mutation: You sometimes gain a little power by
                  | taking damage. [demonic ancestry]
   428 | D        | Reached XP level 6. HP: 39/57 MP: 6/6
   430 | D        | Reached ***** piety under Trog
   432 | D        | HP: 1/57 [ogre/giant club (26)]
   433 | D        | Mangled by an ogre

Vault maps used:
D:        linesprint

Skill      XL: |  1  2  3  4  5 |
---------------+----------------+-----
Axes           | 4 5 6 8 |  8.9
Dodging        | 2 3 4 |  4.9
Armour         | 2 3 |  3.9
Fighting       | 4 5 6 8 |  8.5
Stealth        | |  0.8

Action                   |  1- 3 |  4- 6 || total
-------------------------+-------+-------++-------
Melee: Hand axe          |    32 |     4 ||    36
       War axe           |       |    21 ||    21
Invok: Berserk           |     1 |     1 ||     2
Armor: Animal skin       |     1 |     2 ||     3
       Scale mail        |       |     7 ||     7
Dodge: Dodged            |    22 |    13 ||    35

Table legend:
 A = Non-vault XP
 B = Vault XP
 C = Vault XP percentage of total XP
 D = Non-vault monster count
 E = Vault monster count
 F = Vault count percentage of total count
                 A         B        C        D         E       F
            +---------+---------+-------+---------+---------+-------
      Total |       0 |     526 | 100.0 |       0 |      15 | 100.0
            +---------+---------+-------+---------+---------+-------
          D |       0 |     526 | 100.0 |       0 |      15 | 100.0
            +---------+---------+-------+---------+---------+-------
